 Dungeon Crawl Stone Soup version 0.30-a0-4-ga7cffc901d (webtiles) character file.

Game seed: 436152358597238259

4 todotom the Trooper (level 1, 0/19 HPs)
             Began as a Barachi Abyssal Knight on Aug 20, 2022.
             Was a Follower of Lugonu.
             Constricted to death by a ball python (1 damage)
             ... on level 1 of the Dungeon.
             The game lasted 00:01:07 (151 turns).

todotom the Trooper (Barachi Abyssal Knight)         Turns: 151, Time: 00:01:07

Health: 0/19       AC:  3    Str: 14    XL:     1   Next: 60%
Magic:  2/2        EV:  8    Int: 10    God:    Lugonu [*.....]
Gold:   0          SH:  0    Dex: 12    Spells: 0/0 levels left

rFire   . . .      SeeInvis .    a - +1 falchion
rCold   . . .      Faith    .    (no shield)
rNeg    . . .      Spirit   .    b - +0 leather armour
rPois   .          Reflect  .    (no helmet)
rElec   .          Harm     .    (no cloak)
rCorr   .          Rampage  .    (no gloves)
Will    .....                    (no boots)
Stlth   +.........               (no amulet)
HPRegen 0.06/turn                (no ring)
MPRegen 0.08/turn                (no ring)

@: unable to hop, constricted, slow
A: amphibious, slowness 1, strong legs 1, +LOS
a: Hop, Renounce Religion, Depart the Abyss


You were on level 1 of the Dungeon.
You worshipped Lugonu.
Lugonu was aware of your devotion.
You visited 1 branch of the dungeon, and saw 1 of its levels.
You visited the Abyss 1 time.

Inventory:

Hand Weapons
 a - a +1 falchion (weapon)
 c - a +0 dagger of freezing
Armour
 b - a +0 leather armour (worn)


   Skills:
 + Level 3.9 Fighting
 + Level 2.6 Long Blades
 + Level 2.4 Armour
 + Level 1.1 Dodging
 + Level 1.5 Invocations


You couldn't memorise any spells.
You didn't know any spells.
Your spell library was empty.

Dungeon Overview and Level Annotations

Branches:
Dungeon (1/15)

Altars:


Innate Abilities, Weirdness & Mutations

You are amphibious.
You cover ground slowly.
You can hop short distances.
You have an extended range of vision and can be seen from far away.


Message History

The ball python barely misses you. x2
Okay, then.
The ball python attacks as you move away!
The ball python bites you.
* * * LOW HITPOINT WARNING * * *
The ball python attacks as you move away!
The ball python barely misses you.
The ball python bites you but does no damage.
The ball python closely misses you.
The ball python attacks as you move away!
The ball python bites you but does no damage.
The ball python barely misses you. The ball python bites you.
* * * LOW HITPOINT WARNING * * *
The ball python barely misses you.
Okay, then.
The ball python bites you.
* * * LOW HITPOINT WARNING * * *
The ball python grabs you. The ball python constricts you.
Okay, then.
The ball python's grasp on you weakens, but your attempt to escape fails.
The ball python bites you but does no damage.
The ball python constricts you.
You escape the ball python's grasp.
The ball python attacks as you move away!
The ball python bites you but does no damage.
The ball python closely misses you.
Okay, then.
The ball python attacks as you move away!
The ball python barely misses you. The ball python closely misses you.
The frilled lizard barely misses you.
The ball python bites you but does no damage.
The ball python grabs you. The ball python constricts you.
You escape the ball python's grasp.
Found a dagger.
The ball python attacks as you move away!
The ball python barely misses you.
Okay, then.
The ball python attacks as you move away!
The ball python barely misses you. The ball python closely misses you. x2
The ball python grabs you. The ball python constricts you.
You die...

.. #.# # #.......#
##.#(# #. ###...<...##
....S####...##......[..#
.....)......##..P...P..#
##..#................#.#
##.#.###...##...#.#..[#
#.#.# ...#...l##..###
#.#.. ..###...S...##
#.... #......@.###
..#..#...###...)#
..#..#.. ###..# #..##
..## #.# #.# #.# #.# ..#


You could see a ball python and a frilled lizard.

Vanquished Creatures
  A kobold (D:1)
  A quokka (D:1)
  A goblin (D:1)
  A rat (D:1)
4 creatures vanquished.

Notes
Turn   | Place    | Note
-------+----------+-------------------------------------------
     0 | Abyss:1  | todotom the Barachi Abyssal Knight began the quest for the
                  | Orb.
     0 | Abyss:1  | Reached XP level 1. HP: 18/18 MP: 2/2
    46 | Abyss:1  | Noticed a neqoxec
    46 | Abyss:1  | Noticed a tentacled starspawn
    49 | D:1      | Escaped the Abyss
   151 | D:1      | Constricted to death by a ball python

Illustrated notes

Levels and vault maps discovered:
D:1:      dpeg_arrival_orchard, layout_rooms, serial_corexii_hall,
          corexii_hall_statues_i, corexii_hall_statues_u, bh_walls_and_bars

Action                   || total
-------------------------++-------
Melee: Falchion          ||    11
Invok: Depart the Abyss  ||     1
 Abil: Hop               ||     2
Armor: Leather armour    ||    10
Dodge: Dodged            ||    19

Table legend: (Time is in decaauts)
 A = Elapsed time spent in this place.
 B = Non-inter-level travel time spent in this place.
 C = Inter-level travel time spent in this place.
 D = Time resting spent in this place.
 E = Time spent auto-exploring this place.
 F = Levels seen in this place.
 G = Mean time per level.
                   A        B        C        D        E       F      G
               +--------+--------+--------+--------+--------+-----+--------+
         Total |    174 |    166 |      8 |     24 |     81 |   2 |   87.0 |
       Dungeon |    116 |    108 |      8 |     24 |     26 |   1 |  116.0 |
         Abyss |     58 |     58 |      0 |      0 |     55 |   1 |   58.0 |
               +--------+--------+--------+--------+--------+-----+--------+

Top non-repeatable levels by time:
     D:1: 116 daAuts
 Abyss:1: 58 daAuts
